 Dungeon Crawl Stone Soup version 0.14-a0-1330-g3eed206 (webtiles) character file.

259 MackTheKnife the Slasher (level 4, -2/35 HPs)
             Began as a Demigod Wanderer on Dec 6, 2013.
             Slain by an orc
             ... wielding a +0,+0 orcish trident
              (6 damage)
             ... on Level 3 of the Dungeon.
             The game lasted 00:06:32 (2374 turns).

MackTheKnife the Slasher (Demigod Wanderer)         Turns: 2374, Time: 00:06:32

HP  -2/35        AC  6     Str 14      XL: 4   Next: 88%
MP   6/8         EV 10     Int 20      God:
Gold 106         SH  8     Dex 15      Spells:  1 memorised,  2 levels left

rFire  + . .     SeeInvis .     w - +0,+1 whip (elec) (curse)
rCold  . . .     Clarity  .     o - +0 leather armour
rNeg   . . .     Conserve .     h - +0 buckler (curse)
rPois  .         rCorr    .     (no helmet)
rElec  .         rRot     .     (no cloak)
SustAb . .       Spirit   .     (no gloves)
rMut   .         Warding  .     e - +2 pair of boots
Saprov . . .     Stasis   .     (no amulet)
                                (no ring)
                                f - ring of protection from fire

@: slightly resistant to hostile enchantments, unstealthy
A: no striking features
a: no special abilities


You were on level 3 of the Dungeon.
You were not hungry.

You visited 1 branch of the dungeon, and saw 3 of its levels.

You collected 106 gold pieces.


   Skills:
 - Level 1.0 Fighting
 - Level 4.4 Long Blades
 + Level 1.6 Maces & Flails
 - Level 1.6 Dodging
 - Level 1.0 Stealth
 - Level 1.0 Shields
 - Level 2.1 Necromancy
   Level 2.6 Poison Magic


You had 2 spell levels left.
You knew the following spells:

 Your Spells              Type           Power        Failure   Level  Hunger
z - Pain                  Necr           #...         12%         1    ##.....

Inventory:

Hand weapons
 a - a +3,+4 falchion
 w - a cursed +0,+1 whip of electrocution (weapon)
Armour
 e - a +2 pair of boots (worn)
 h - a cursed +0 buckler (worn)
 o - a +0 leather armour (worn)
Comestibles
 c - 2 bread rations
 d - a royal jelly
Scrolls
 g - a scroll of teleportation
 k - 2 scrolls of remove curse
Jewellery
 f - a ring of protection from fire (left hand)
Potions
 b - 2 potions of agility {unknown}
 i - a potion of restore abilities {unknown}
 l - a potion of confusion {unknown}
 m - a potion of might {unknown}
 n - a potion of flight {unknown}
 p - a potion of magic {unknown}
 q - a potion of curing
 s - a potion of heal wounds {unknown}
 t - a potion of speed {unknown}

···· ···▒▒▒··oo····· ▒··▒ ▒··▒
▒····>···· ▒··▒ ▒··▒
▒········· ▒··▒ ▒··▒
▒········· ▒▒▒▒▒▒▒··▒ ▒··▒
▒·!······· ··········▒
▒··▒▒▒·········
········)·▒▒▒▒▒▒··············
▒▒▒▒▒▒▒▒▒·((··················
▒··o·@(·············
▒··▒▒▒▒▒············ ▒··▒
▒·········▒▒▒ ▒▒▒▒▒▒▒··▒
▒·········▒ ···?····)▒
▒·········▒ ········)▒
▒·····%···▒
·········▒▒▒▒▒·········▒
▒▒▒▒▒▒·················▒▒▒▒▒
▒····o·)···%···········


You could see an orc.


Message History

You block the orc's attack. The orc hits you but does no damage.
The orc hits you from afar with an orcish trident.
You hit the orc.
There is a sudden explosion of sparks!
You kill the orc!
You block the orc's attack. The orc hits you with an orcish club.
The orc hits you from afar with an orcish trident.
* * * LOW HITPOINT WARNING * * *
You closely miss the orc. The orc hits you with an orcish club.
* * * LOW HITPOINT WARNING * * *
You block the orc's attack.
The orc hits you from afar with an orcish trident.
* * * LOW HITPOINT WARNING * * *
You hit the orc.
The orc is severely wounded.
The orc hits you but does no damage. The orc hits you with an orcish club.
* * * LOW HITPOINT WARNING * * *
The orc barely misses you.
Your magical contamination has completely faded away.
Found one item.
You hit the orc.
There is a sudden explosion of sparks!
You kill the orc!
Aiming: Pain
Aim: an orc, wielding an orcish club and wearing an orcish chain mail (severely wounded)
The orc easily resists.
Aiming: Pain
Aim: an orc, wielding an orcish club and wearing an orcish chain mail (severely wounded)
The orc convulses in agony!
You kill the orc!
The orc hits you from afar with an orcish trident.
You die...

Action                   |  1- 3 |  4- 6 || total
-------------------------+-------+-------++-------
Melee: Falchion          |   131 |       ||   131
       Whip              |    15 |    56 ||    71
 Cast: Pain              |     4 |    14 ||    18
  Use: Scroll            |     9 |     3 ||    12
       Potion            |       |     1 ||     1
 Stab: Sleeping          |     2 |       ||     2

Vault maps used:
D:1:      onia_entry_handbag
D:2:      first_bread
D:3:      lemuel_doored_altar, nicolae_overflow_hidden_temple

Notes
Turn   | Place    | Note
--------------------------------------------------------------
     0 | D:1      | MackTheKnife, the Demigod Wanderer, began the quest for the Orb.
     0 | D:1      | Reached XP level 1. HP: 16/16 MP: 3/3
   267 | D:1      | Reached skill level 1 in Necromancy
   419 | D:1      | Reached XP level 2. HP: 23/23 MP: 4/4
   610 | D:1      | Reached skill level 4 in Long Blades
  1189 | D:2      | Reached XP level 3. HP: 26/28 MP: 6/6
  1452 | D:2      | Reached skill level 2 in Necromancy
  1888 | D:3      | Reached XP level 4. HP: 33/35 MP: 8/8
  1945 | D:3      | Reached skill level 1 in Dodging
  1963 | D:3      | Found a radiant altar of Vehumet.
  2279 | D:3      | Reached skill level 1 in Maces & Flails
  2374 | D:3      | Slain by an orc

Vanquished Creatures
  An iguana (D:3)
  5 adders
  A giant mite (D:2)
  9 orcs (D:3)
  4 giant cockroaches
  7 hobgoblins
  5 jackals
  7 kobolds
  A quokka (D:2)
  6 bats
  3 giant geckos
  4 giant newts
  3 goblins
  9 rats
65 creatures vanquished.
